 Dungeon Crawl Stone Soup version 0.21.1-1-g345015f (webtiles) character file.

88359 Inus the Bringer of Law (level 15, -8/138 HPs)
             Began as a Hill Orc Monk on Mar 14, 2018.
             Was the Champion of Zin.
             Killed from afar by a deep elf mage (18 damage)
             ... with a bolt of lightning
             ... on level 14 of the Dungeon.
             The game lasted 01:27:04 (28705 turns).

Inus the Bringer of Law (Hill Orc Monk)            Turns: 28705, Time: 01:27:04

Health: -8/138     AC: 29    Str: 27    XL:     15   Next: 93%
Magic:  25/27      EV:  9    Int: 16    God:    Zin [******]
Gold:   625        SH: 15    Dex: 19    Spells: 14/14 levels left

rFire    + . .     SeeInvis .   D - +4 scimitar
rCold    + + +     Gourm    .   B - +1 shield {rC+}
rNeg     + . .     Faith    .   f - +0 plate armour {rC+}
rPois    ∞         Spirit   .   z - +2 helmet
rElec    .         Reflect  .   u - scarf {rC+ rF+}
rCorr    +         Harm     .   q - +2 pair of gloves
MR       +....                  b - +2 pair of boots
Stlth    ..........             F - macabre finger necklace {rN+}
HPRegen  0.33/turn              O - +2 ring of protection
MPRegen  0.20/turn              L - ring of protection from cold
                                N - ring of resist corrosion

@: vitalised
A: no striking features
a: Recite, Vitalisation, Imprison, Sanctuary, Donate Gold, Renounce Religion


You were on level 14 of the Dungeon.
You worshipped Zin.
Zin was exalted by your worship.
You were not hungry.

You visited 4 branches of the dungeon, and saw 24 of its levels.
You also visited: Ice Cave.

You collected 2625 gold pieces.
You spent 1805 gold pieces at shops.
You donated 195 gold pieces to Zin.

Inventory:

Hand Weapons
 i - a +1 scimitar of flaming
 t - a +0 hand crossbow
 D - a +4 scimitar (weapon)
 T - a +2 long sword of holy wrath
Missiles
 d - 8 javelins
 l - 12 poisoned tomahawks (quivered)
 x - 221 bolts
 y - 57 tomahawks
Armour
 b - a +2 pair of boots (worn)
 f - a +0 plate armour of cold resistance (worn)
 q - a +2 pair of gloves (worn)
 u - a scarf of resistance (worn)
 w - a +0 large shield of protection
 z - a +2 helmet (worn)
 B - a +1 shield of cold resistance (worn)
Jewellery
 a - an uncursed ring of ice
 j - an uncursed amulet of regeneration
 F - the macabre finger necklace (around neck) {rN+}
   (You bought it in a shop on level 1 of the Orcish Mines)

   [amulet of nothing]

   It protects you from negative energy.
 K - an uncursed ring of ice
 L - a ring of protection from cold (right hand)
 N - a ring of resist corrosion (on amulet)
 O - a +2 ring of protection (left hand)
Wands
 s - a wand of acid (8)
 A - a wand of flame (35)
 U - a wand of disintegration (11)
 W - a wand of iceblast (16)
Scrolls
 e - a scroll of amnesia
 g - 3 scrolls of teleportation
 h - 9 scrolls of enchant weapon
 n - 7 scrolls of identify
 p - a scroll of noise
 r - 13 scrolls of remove curse
 C - 2 scrolls of blinking
 H - a scroll of magic mapping
Potions
 k - 7 potions of curing
 o - 9 potions of flight
 v - 3 potions of brilliance
 G - a potion of resistance
 J - a potion of agility
 M - 2 potions of heal wounds
 P - a potion of magic
 Q - a potion of ambrosia
 S - a potion of mutation
Books
 m - the Tome of Floating Poisoning
   (You found it on level 13 of the Dungeon)

   Spells                             Type                      Level
   a - Swiftness                      Charms/Air                   2
   b - Mephitic Cloud                 Conjuration/Poison/Air       3
   c - Summon Lightning Spire         Summoning/Air                4
 E - a book of Clouds

   Spells                             Type                      Level
   a - Poisonous Vapours              Poison/Air                   2
   b - Mephitic Cloud                 Conjuration/Poison/Air       3
   c - Conjure Flame                  Conjuration/Fire             3
   d - Freezing Cloud                 Conjuration/Ice/Air          6
   e - Ring of Flames                 Charms/Fire                  7
 R - a Young Poisoner's Handbook

   Spells                             Type                      Level
   a - Sting                          Conjuration/Poison           1
   b - Poisonous Vapours              Poison/Air                   2
   c - Mephitic Cloud                 Conjuration/Poison/Air       3
   d - Olgreb's Toxic Radiance        Poison                       4
   e - Venom Bolt                     Conjuration/Poison           5
 V - a book of Maledictions

   Spells                             Type                      Level
   a - Corona                         Hexes                        1
   b - Ensorcelled Hibernation        Hexes/Ice                    2
   c - Confuse                        Hexes                        3
   d - Tukima's Dance                 Hexes                        3
   e - Dazzling Spray                 Conjuration/Hexes            3
Miscellaneous
 I - a fan of gales
Comestibles
 c - 30 rations


   Skills:
 - Level 14.0 Fighting
 - Level 14.1 Long Blades
 - Level 14.0 Armour
 - Level 2.4 Dodging
 - Level 1.5 Stealth
 - Level 12.0 Shields
 + Level 17.1 Invocations


You had 14 spell levels left.
You didn't know any spells.

Dungeon Overview and Level Annotations

Branches:
Dungeon (15/15)            Temple (0/1) D:5            Lair (6/6) D:8
  Swamp (0/4) Lair:3       Spider (0/4) Lair:4        Slime (0/5) Lair:5
    Orc (2/2) D:10            Elf (1/3) Orc:2        Vaults (0/5) D:14
 Depths: D:15

Altars:
Cheibriados
Fedhas
Hepliaklqana
Kikubaaqudgha
Makhleb
Okawaru
Sif Muna
Vehumet
Wu Jian
Xom
Yredelemnul
Zin
The Shining One
Beogh

Shops:
D:12 %(=   D:14 *   Orc:1 *   Orc:2 }*[(*


Message History

Wield which item (- for none, * to show all)? (? for menu, Esc to quit)
Okay, then.
Evoke which item? (* to show all) (? for menu, Esc to quit)
Okay, then.
Zin grants you divine stamina. You block the slime creature's attack.
Two slime creatures merge to form a large slime creature.
Two slime creatures merge to form a very large slime creature.
You barely miss the very large slime creature.
The very large slime creature is moderately wounded.
The very large slime creature hits you but does no damage.
The deep elf mage casts a spell at you. The bolt of lightning misses you.
You slash the very large slime creature!
The very large slime creature is moderately wounded.
The very large slime creature hits you!!!
* * * LOW HITPOINT WARNING * * *
The deep elf mage gestures at you while chanting.
The bolt of lightning hits you!
You die...

######.......[..........
.........(...........
......................
......................
........###'##........
........#....#........
#####..#...<#........
#..#....#........
#..####+#@.......
#......e.........
#.....TJ######...
........# ... ........#
.. ........# ........'
........# .........


You could see a very large slime creature, a deep elf mage and a troll.

Vanquished Creatures
  Rupert (D:13)
  An orc warlord (Orc:1)
  A white draconian (IceCv)
  Snorg (Lair:5)
  Josephine (D:11)
  The ghost of sepiko the Severer, a journeyman MiFi of Okawaru (D:12)
  Harold (Lair:1)
  4 hydras
  Fannar (Lair:3)
  Erica (D:11)
  A rakshasa (D:15)
  A catoblepas (D:14)
  4 vault guards
  The ghost of felt the Cleaver, a novice HOBe of Trog (D:8)
  7 two-headed ogres
  The ghost of ck1fx the Arsonist, a novice DrFE of Vehumet (D:9)
  3 orc high priests
  4 tengu warriors
  A wizard (D:15)
  7 orc knights
  An oklob plant (Lair:3)
  4 orc sorcerers
  4 manticores
  2 wolf spiders (Lair:4)
  3 ugly things
  4 cyclopes
  7 elephants
  2 black mambas
  An ice statue (IceCv)
  9 spiny frogs
  A kobold demonologist (D:11)
  3 rime drakes
  8 komodo dragons
  A tengu conjurer (D:15)
  7 trolls
  A meliai (shapeshifter) (D:14)
  A meliai (D:8)
  20 polar bears
  7 hornets
  14 blink frogs
  7 hippogriffs
  6 dream sheep
  A vampire (D:8)
  A shadow (D:13)
  13 spriggans (Lair:6)
  6 wraiths
  4 wyverns
  4 basilisks
  41 yaks
  Grum (D:11)
  2 chaos spawn
  3 wargs
  An acid dragon (D:14)
  A soldier ant (D:11)
  7 porcupines
  7 water moccasins
  35 orc warriors
  4 ice beasts
  6 sky beasts
  6 black bears
  4 necrophages
  2 eyes of draining
  6 phantoms
  36 wolves
  9 ogres
  4 boggarts (Lair:6)
  10 centaurs
  13 crocodiles
  2 big kobolds
  17 bullfrogs
  A wyvern skeleton (D:13)
  5 scorpions
  2 troll zombies (D:8)
  5 killer bees (D:13)
  11 wights
  A howler monkey (shapeshifter) (D:14)
  An electric eel (Lair:3)
  11 howler monkeys
  4 crimson imps
  3 centaur zombies
  3 bullfrog zombies
  12 hounds
  20 orc priests
  A bullfrog skeleton (D:4)
  4 centaur skeletons
  3 human zombies (D:8)
  16 jellies
  33 orc wizards
  Jessica (D:7)
  A human skeleton (D:8)
  5 iguanas
  20 worker ants
  2 hell rats (Lair:3)
  An ogre zombie (D:8)
  A hound zombie (D:5)
  3 hound skeletons
  2 mummies
  A howler monkey zombie (D:5)
  3 worker ant zombies
  Robin (D:4)
  A howler monkey skeleton (D:8)
  6 river rats (Lair:3)
  17 adders
  4 shadow imps
  2 oozes
  An adder skeleton (D:7)
  A worm (D:4)
  8 dart slugs
  8 leopard geckos
  100 orcs
  2 ball pythons
  5 bats
  5 giant cockroaches
  5 hobgoblins
  14 jackals
  3 quokkas
  5 frilled lizards
  26 goblins
  19 kobolds
  2 leopard gecko zombies
  7 rats
  A pillar of salt (D:12)
821 creatures vanquished.

Vanquished Creatures (collateral kills)
  A hydra (Lair:5)
  A killer bee (D:10)
  An orc wizard (D:10)
3 creatures vanquished.

Vanquished Creatures (others)
  An efreet (D:15)
  A yak (IceCv)
  A wolf (IceCv)
  2 killer bees (D:10)
  An adder zombie (D:6)
  22 fungi
  4 pillars of salt
  21 plants
53 creatures vanquished.

Grand Total: 877 creatures vanquished

Notes
Turn   | Place    | Note
-------+----------+-------------------------------------------
     0 | D:1      | Inus the Hill Orc Monk began the quest for the Orb.
     0 | D:1      | Reached XP level 1. HP: 19/19 MP: 1/1
    81 | D:1      | Reached XP level 2. HP: 17/27 MP: 2/2
   636 | D:2      | Reached XP level 3. HP: 17/34 MP: 3/3
   833 | D:2      | Found a glowing golden altar of the Shining One.
   833 | D:2      | Found an ornate altar of the Wu Jian Council.
   834 | D:2      | Found a hazy altar of Hepliaklqana.
   834 | D:2      | Found a glowing silver altar of Zin.
   844 | D:2      | Became a worshipper of Zin the Law-Giver
   844 | D:2      | Reached * piety under Zin
   844 | D:2      | Reached ** piety under Zin
  1330 | D:2      | Reached XP level 4. HP: 31/41 MP: 4/4
  1470 | D:3      | Reached skill level 5 in Fighting
  1498 | D:3      | Found a burning altar of Makhleb.
  2021 | D:3      | Reached XP level 5. HP: 48/48 MP: 5/5
  2064 | D:3      | Found a shimmering altar of Xom.
  2219 | D:3      | Reached skill level 5 in Long Blades
  2219 | D:3      | Reached skill level 1 in Shields
  2544 | D:4      | Noticed a phantom
  2590 | D:3      | Killed a phantom
  2590 | D:3      | Reached XP level 6. HP: 38/56 MP: 6/6
  2874 | D:4      | Found a shimmering altar of Xom.
  2908 | D:4      | Reached *** piety under Zin
  2963 | D:4      | Reached skill level 1 in Armour
  3003 | D:4      | Reached XP level 7. HP: 57/61 MP: 7/7
  3164 | D:4      | Noticed Robin
  3186 | D:4      | Killed Robin
  3579 | D:5      | Entered Level 5 of the Dungeon
  3710 | D:4      | Reached skill level 5 in Armour
  3728 | D:4      | Reached XP level 8. HP: 36/68 MP: 8/8
  4337 | D:5      | Found a snail-covered altar of Cheibriados.
  4505 | D:5      | Found a staircase to the Ecumenical Temple.
  4728 | D:6      | Reached XP level 9. HP: 75/79 MP: 9/9
  4736 | D:6      | Found a basalt altar of Yredelemnul.
  4854 | D:6      | Reached **** piety under Zin
  5005 | D:6      | Found a snail-covered altar of Cheibriados.
  5067 | D:6      | Found an iron altar of Okawaru.
  5243 | D:6      | Found a burning altar of Makhleb.
  5796 | D:7      | Found a blossoming altar of Fedhas.
  5975 | D:7      | Found a radiant altar of Vehumet.
  6041 | D:7      | Reached skill level 10 in Fighting
  6365 | D:7      | Noticed Jessica
  6374 | D:7      | Killed Jessica
  6380 | D:7      | Found a deep blue altar of Sif Muna.
  6560 | D:8      | Found an ancient bone altar of Kikubaaqudgha.
  6764 | D:8      | Reached XP level 10. HP: 97/97 MP: 10/10
  6827 | D:8      | Reached ***** piety under Zin
  6855 | D:8      | Noticed felt's ghost (novice HOBe)
  7202 | D:8      | Found a glowing golden altar of the Shining One.
  7210 | D:8      | Found a staircase to the Lair.
  7277 | D:8      | Killed felt's ghost
  7654 | D:8      | Noticed a two-headed ogre
  7680 | D:8      | Killed a two-headed ogre
  7680 | D:8      | Reached skill level 10 in Long Blades
  8296 | D:8      | Noticed a two-headed ogre
  8543 | D:9      | Noticed a two-headed ogre
  8568 | D:9      | Killed a two-headed ogre
  8568 | D:9      | Reached XP level 11. HP: 67/104 MP: 11/11
  8634 | D:9      | Noticed ck1fx's ghost (novice DrFE)
  8704 | D:9      | Killed ck1fx's ghost
  8758 | D:9      | Reached ****** piety under Zin
  8982 | D:9      | Reached skill level 1 in Invocations
  9002 | D:9      | Reached skill level 2 in Invocations
  9551 | D:9      | Reached skill level 3 in Invocations
  9754 | D:10     | Entered Level 10 of the Dungeon
  9868 | D:10     | Reached skill level 4 in Invocations
  9880 | D:10     | Reached skill level 5 in Invocations
 10247 | D:10     | Reached skill level 6 in Invocations
 10813 | D:10     | Found a staircase to the Orcish Mines.
 10863 | D:10     | Reached skill level 7 in Invocations
 11011 | Orc:1    | Entered Level 1 of the Orcish Mines
 11011 | Orc:1    | Noticed an orc knight
 11030 | D:10     | Killed an orc knight
 11074 | Orc:1    | Noticed a two-headed ogre
 11076 | Orc:1    | Reached skill level 8 in Invocations
 11227 | Orc:1    | Noticed a cyclops
 11235 | Orc:1    | Noticed an orc knight
 11272 | D:10     | Killed a two-headed ogre
 11272 | D:10     | Reached skill level 9 in Invocations
 11484 | D:10     | Killed an orc knight
 11484 | D:10     | Reached skill level 10 in Invocations
 11619 | Orc:1    | Killed a cyclops
 11619 | Orc:1    | Reached XP level 12. HP: 69/112 MP: 19/19
 11818 | Orc:2    | Entered Level 2 of the Orcish Mines
 11820 | Orc:2    | Found a frozen archway.
 11829 | IceCv    | Entered an ice cave
 11849 | IceCv    | Reached skill level 11 in Invocations
 12102 | IceCv    | Reached skill level 12 in Invocations
 12742 | IceCv    | HP: 2/112 [polar bear (18)]
 12898 | IceCv    | Noticed a white draconian
 13021 | IceCv    | Killed a white draconian
 13021 | IceCv    | Reached skill level 10 in Armour
 13138 | IceCv    | Found the +12 glaive of Prune {chop}
 13664 | Orc:2    | Reached skill level 5 in Shields
 13672 | Orc:2    | Found Viohait's General Store.
 13799 | Orc:2    | Found a staircase to the Elven Halls.
 14130 | Orc:2    | Found a roughly hewn altar of Beogh.
 14525 | Orc:2    | Found a roughly hewn altar of Beogh.
 14527 | Orc:2    | Found Janwoum's Gadget Emporium.
 14554 | Orc:2    | Reached XP level 13. HP: 92/118 MP: 22/22
 14620 | Orc:2    | Found a roughly hewn altar of Beogh.
 15026 | Orc:2    | Found a roughly hewn altar of Beogh.
 15069 | Orc:2    | Found Soklal's General Store.
 15158 | Orc:2    | Noticed an orc warlord
 15261 | Orc:1    | Killed an orc warlord
 15410 | Orc:2    | Reached skill level 10 in Shields
 15417 | Orc:2    | Found Wiuce's Antique Weapon Boutique.
 15418 | Orc:2    | Found a roughly hewn altar of Beogh.
 15430 | Orc:2    | Found Raareudgh's Antique Armour Shop.
 15499 | Orc:2    | Bought a pair of gloves for 121 gold pieces
 15499 | Orc:2    | Bought a shiny helmet for 202 gold pieces
 15499 | Orc:2    | Bought a runed large shield for 202 gold pieces
 15731 | Orc:1    | Found Pusaveb's Assorted Antiques.
 16480 | Lair:1   | Entered Level 1 of the Lair of Beasts
 16930 | Lair:1   | Noticed Harold
 16942 | Lair:1   | Killed Harold
 18939 | Lair:3   | Noticed Fannar
 18979 | Lair:3   | Killed Fannar
 19119 | Lair:3   | Reached XP level 14. HP: 122/126 MP: 23/23
 19262 | Lair:3   | Found a staircase to the Swamp.
 20730 | Lair:4   | Found a hole to the Spider Nest.
 21375 | Lair:5   | Found a staircase to the Slime Pits.
 22145 | Lair:6   | Entered Level 6 of the Lair of Beasts
 22297 | Lair:6   | Paralysed by a hornet for 2 turns
 22307 | Lair:6   | Noticed Snorg
 22454 | Lair:5   | Killed Snorg
 23113 | Lair:6   | Got a jade-studded ring mail
 23114 | Lair:6   | Identified the +2 ring mail of Grace {rCorr Str+2 Int+4 Dex-3} (You found it on level 6 of the Lair of Beasts)
 23808 | Orc:1    | Bought the macabre finger necklace {rN+} for 1040 gold pieces
 23808 | Orc:1    | Found the macabre finger necklace {rN+}
 23852 | Orc:2    | Bought an uncursed ring of resist corrosion for 240 gold pieces
 23881 | Elf:1    | Entered Level 1 of the Elven Halls
 23883 | Elf:1    | Noticed a deep elf demonologist
 23884 | Elf:1    | Noticed a Brimstone Fiend
 24470 | D:11     | Noticed Grum
 24473 | D:11     | Reached XP level 15. HP: 138/138 MP: 24/24
 24505 | D:11     | Killed Grum
 24804 | D:11     | Noticed Erica
 24815 | D:11     | Killed Erica
 25078 | D:11     | Noticed Josephine
 25092 | D:11     | Killed Josephine
 25315 | D:12     | Reached skill level 13 in Invocations
 25386 | D:12     | You fall through a shaft for 3 floors!
 25386 | D:15     | Entered Level 15 of the Dungeon
 25481 | D:15     | Reached skill level 14 in Invocations
 25677 | D:15     | Paralysed by a wizard for 3 turns
 26249 | D:13     | Found a runed door.
 26569 | D:12     | Found Ruskual's Antique Weapon Shop.
 26593 | D:12     | Noticed sepiko's ghost (journeyman MiFi)
 26616 | D:12     | Killed sepiko's ghost
 26616 | D:12     | Reached skill level 15 in Invocations
 26631 | D:12     | Found Suvvaa's Jewellery Emporium.
 26679 | D:12     | Found Rov Mei's Food Shoppe.
 26726 | D:12     | Found the +11 mace of Variability {chaos}
 26728 | D:12     | Found a shimmering altar of Xom.
 27969 | D:13     | Found a roughly hewn altar of Beogh.
 27971 | D:13     | Identified the Tome of Floating Poisoning
 28014 | D:13     | Noticed Rupert
 28019 | D:13     | Paralysed by Rupert for 6 turns
 28034 | D:13     | Killed Rupert
 28034 | D:13     | Reached skill level 16 in Invocations
 28374 | D:14     | Reached skill level 17 in Invocations
 28584 | D:14     | Found a gate to the Vaults.
 28604 | D:14     | Found Buzxucuts's Elemental Accessories.
 28705 | D:14     | Killed from afar by a deep elf mage

Skill      XL: |  1  2  3  4  5  6  7  8  9 10 11 12 13 14 15 |
---------------+----------------------------------------------+-----
Fighting       | 4 5 7 11 12 14 | 14.0
Long Blades    | 4 5 6 11 12 13 14 | 14.1
Shields        | 2 3 4 7 12 | 12.0
Armour         | 1 5 8 11 12 14 | 14.0
Invocations    | 10 12 17 | 17.1
Dodging        | |  2.4
Stealth        | |  1.5

Action                   |  1- 3 |  4- 6 |  7- 9 | 10-12 | 13-15 || total
-------------------------+-------+-------+-------+-------+-------++-------
Melee: Falchion          |   110 |   198 |   506 |       |       ||   814
       Long sword        |       |       |   143 |   606 |       ||   749
       Scimitar          |       |       |       |   558 |  2133 ||  2691
 Fire: Hand crossbow     |       |       |       |     9 |    13 ||    22
Throw: Javelin           |       |       |       |     3 |       ||     3
       Tomahawk          |       |       |       |     9 |    10 ||    19
Invok: Recite            |       |       |    14 |    16 |    40 ||    70
       Vitalisation      |       |       |     1 |       |    14 ||    15
Evoke: Wand              |       |       |     4 |    38 |    21 ||    63
       Fan of gales      |       |       |       |       |     1 ||     1
  Use: Scroll            |     3 |     5 |     4 |    16 |    16 ||    44
       Potion            |       |     8 |     5 |    13 |     4 ||    30
 Stab: Sleeping          |     5 |       |       |       |       ||     5
       Confused          |       |       |     2 |       |    14 ||    16
       Invisible         |       |       |       |     7 |    20 ||    27
       Paralysed         |       |       |       |     5 |    43 ||    48
       Distracted        |       |       |       |     1 |       ||     1
       Petrified         |       |       |       |       |     3 ||     3
  Eat: Chunk             |     1 |     6 |     6 |    13 |    25 ||    51
       Ration            |       |       |     2 |     5 |     6 ||    13
Armor: Robe              |    25 |     4 |       |       |       ||    29
       Scale mail        |       |    47 |   190 |       |       ||   237
       Plate armour      |       |       |   151 |   754 |  1020 ||  1925
Dodge: Dodged            |    81 |    93 |   250 |   331 |   471 ||  1226
Block: Buckler           |       |    28 |   144 |   202 |       ||   374
       Shield            |       |       |       |    69 |  1404 ||  1473
       Rpst.: Falchion   |    20 |    27 |    68 |       |       ||   115
       Long sword        |       |       |    11 |    41 |       ||    52
       Scimitar          |       |       |       |    33 |   130 ||   163
